 Dungeon Crawl Stone Soup version 0.21.1-1-g345015fe64 (webtiles) character file.

193 KleinerIrrer the Protected (level 5, 5/47 HPs)
             Began as a Gnoll Wanderer on Mar 17, 2018.
             Quit the game on level 3 of the Dungeon.
             The game lasted 00:03:25 (2170 turns).

KleinerIrrer the Protected (Gnoll Wanderer)         Turns: 2170, Time: 00:03:26

Health: 5/47       AC: 10    Str: 13    XL:     5   Next: 72%
Magic:  7/7        EV: 10    Int: 13    God:
Gold:   82         SH:  0    Dex: 18    Spells: 7/7 levels left

rFire    . . .     SeeInvis .   k - +0 short sword
rCold    . . .     Gourm    .   (no shield)
rNeg     . . .     Faith    .   a - +2 scale mail
rPois    .         Spirit   .   (no helmet)
rElec    .         Reflect  .   (no cloak)
rCorr    .         Harm     .   (no gloves)
MR       .....                  (no boots)
Stlth    +.........             (no amulet)
HPRegen  0.15/turn              (no ring)
MPRegen  0.10/turn              (no ring)

@: lethally poisoned (5 -> -4)
A: distributed training, fangs 1, strong nose
a: no special abilities


You were on level 3 of the Dungeon.
You were not hungry.

You visited 1 branch of the dungeon, and saw 3 of its levels.

You collected 82 gold pieces.

Inventory:

Hand Weapons
 k - a +0 short sword (weapon)
Missiles
 d - 12 poisoned needles
Armour
 a - a +2 scale mail (worn)
Scrolls
 b - 2 scrolls of teleportation
 g - a scroll of amnesia {unknown}
 h - a scroll of enchant weapon {unknown}
 i - a scroll of identify {unknown}
Comestibles
 f - 2 rations
 j - 2 chunks of flesh


   Skills:
 + Level 6.7 Fighting
 + Level 1.6 Short Blades
 + Level 1.6 Long Blades
 + Level 1.6 Axes
 + Level 1.6 Maces & Flails
 + Level 1.6 Polearms
 + Level 1.6 Staves
 + Level 1.6 Slings
 + Level 1.6 Bows
 + Level 3.0 Crossbows
 + Level 3.0 Throwing
 + Level 8.6 Armour
 + Level 1.6 Dodging
 + Level 1.6 Stealth
 + Level 3.0 Shields
 + Level 1.6 Unarmed Combat
 + Level 1.6 Spellcasting
 + Level 1.2 Conjurations
 + Level 1.2 Hexes
 + Level 1.2 Charms
 + Level 1.2 Summonings
 + Level 1.2 Necromancy
 + Level 1.2 Translocations
 + Level 1.2 Transmutations
 + Level 1.2 Fire Magic
 + Level 1.2 Ice Magic
 + Level 1.2 Air Magic
 + Level 1.2 Earth Magic
 + Level 1.2 Poison Magic
 + Level 1.8 Invocations
 + Level 1.6 Evocations


You had 7 spell levels left.
You didn't know any spells.

Dungeon Overview and Level Annotations

Branches:
Dungeon (3/15)

Altars:


Innate Abilities, Weirdness & Mutations

Your experience applies equally to all skills.
You have very sharp teeth.
Your uncanny sense of smell can sniff out nearby items.


Message History

Something hits you but does no damage.
You are lethally poisoned!
You hit something.
Reactivating autopickup.
You feel a bit more experienced.
* * * LOW HITPOINT WARNING * * *
You feel sick.
The orc wizard points at you and mumbles some strange words.
The magic dart hits you!
* * * LOW HITPOINT WARNING * * *
* * * LOW HITPOINT WARNING * * *
You feel sick.
Things that are here:
a dagger of venom; a robe
* * * LOW HITPOINT WARNING * * *
You feel sick.
The orc wizard hits you but does no damage.
The orc wizard barely misses you.
The orc wizard hits you but does no damage.
Are you sure you want to abandon this character and quit the game? (Confirm with "yes".)

.#.#.#.......#
.............######
...................
###.#.#..#....####.
....#.#.#..#.##.#
#..........#<##.#
...#.#.#.#####)####
#.#.#.#.......o....#.#.#.
.>.............@..)).....#
#...#.#.#.#......#.#.#....
#.......#.#.######.#.# .#
.......<#)#.# #.# .
#.###.#.#.#.# #.# #.
#.#.#.#.# ... .. #.#.#.#.#
#.# ## # #.#.#.# .#
#.#....∆


You could see an orc wizard.

Vanquished Creatures
  A bullfrog zombie (D:3)
  An orc wizard (D:3)
  Terence (D:2)
  A worker ant (D:2)
  3 adders
  3 worms
  A dart slug (D:2)
  A leopard gecko (D:2)
  3 orcs (D:3)
  3 giant cockroaches
  3 goblins (D:2)
  6 hobgoblins
  2 jackals (D:2)
  5 kobolds (D:2)
  2 ball pythons (D:3)
  2 bats (D:2)
  3 frilled lizards
  10 rats
51 creatures vanquished.

Notes
Turn   | Place    | Note
-------+----------+-------------------------------------------
     0 | D:1      | KleinerIrrer the Gnoll Wanderer began the quest for the Orb.
     0 | D:1      | KleinerIrrer set off with: a +2 scale mail, a scroll of teleportation, a potion of curing, a +0 dagger, a ration
     0 | D:1      | Reached XP level 1. HP: 23/23 MP: 1/1
   102 | D:1      | You fall through a shaft!
   174 | D:2      | Reached XP level 2. HP: 26/29 MP: 2/2
   479 | D:2      | Reached XP level 3. HP: 16/35 MP: 3/3
   787 | D:2      | Reached skill level 1 in Short Blades
   787 | D:2      | Reached skill level 1 in Long Blades
   787 | D:2      | Reached skill level 1 in Axes
   787 | D:2      | Reached skill level 1 in Maces & Flails
   787 | D:2      | Reached skill level 1 in Polearms
   787 | D:2      | Reached skill level 1 in Staves
   787 | D:2      | Reached skill level 1 in Slings
   787 | D:2      | Reached skill level 1 in Bows
   787 | D:2      | Reached skill level 1 in Dodging
   787 | D:2      | Reached skill level 1 in Stealth
   787 | D:2      | Reached skill level 1 in Unarmed Combat
   787 | D:2      | Reached skill level 1 in Spellcasting
   787 | D:2      | Reached skill level 1 in Invocations
   787 | D:2      | Reached skill level 1 in Evocations
  1043 | D:2      | Reached XP level 4. HP: 36/41 MP: 5/5
  1230 | D:2      | Noticed Terence
  1262 | D:2      | Killed Terence
  1279 | D:2      | Reached skill level 1 in Conjurations
  1279 | D:2      | Reached skill level 1 in Hexes
  1279 | D:2      | Reached skill level 1 in Charms
  1279 | D:2      | Reached skill level 1 in Summonings
  1279 | D:2      | Reached skill level 1 in Necromancy
  1279 | D:2      | Reached skill level 1 in Translocations
  1279 | D:2      | Reached skill level 1 in Transmutations
  1279 | D:2      | Reached skill level 1 in Fire Magic
  1279 | D:2      | Reached skill level 1 in Ice Magic
  1279 | D:2      | Reached skill level 1 in Air Magic
  1279 | D:2      | Reached skill level 1 in Earth Magic
  1279 | D:2      | Reached skill level 1 in Poison Magic
  2086 | D:3      | Reached XP level 5. HP: 45/47 MP: 6/6
  2170 | D:3      | Quit the game

Skill      XL: |  1  2  3  4  5 |
---------------+----------------+-----
Short Blades   | 1 |  1.6
Long Blades    | 1 |  1.6
Axes           | 1 |  1.6
Maces & Flails | 1 |  1.6
Polearms       | 1 |  1.6
Staves         | 1 |  1.6
Slings         | 1 |  1.6
Bows           | 1 |  1.6
Dodging        | 1 |  1.6
Stealth        | 1 |  1.6
Unarmed Combat | 1 |  1.6
Spellcasting   | 1 |  1.6
Invocations    | 1 |  1.8
Evocations     | 1 |  1.6
Conjurations   | 1 |  1.2
Hexes          | 1 |  1.2
Charms         | 1 |  1.2
Summonings     | 1 |  1.2
Necromancy     | 1 |  1.2
Translocations | 1 |  1.2
Transmutations | 1 |  1.2
Fire Magic     | 1 |  1.2
Ice Magic      | 1 |  1.2
Air Magic      | 1 |  1.2
Earth Magic    | 1 |  1.2
Poison Magic   | 1 |  1.2
Crossbows      | 3 |  3.0
Throwing       | 3 |  3.0
Shields        | 3 |  3.0
Fighting       | |  6.7
Armour         | |  8.6

Action                   |  1- 3 |  4- 6 || total
-------------------------+-------+-------++-------
Melee: Dagger            |    63 |       ||    63
       Bite              |    18 |    22 ||    40
       Short sword       |    83 |   199 ||   282
       Punch             |       |     3 ||     3
  Use: Potion            |       |     2 ||     2
  Eat: Chunk             |       |     2 ||     2
       Ration            |       |     1 ||     1
Armor: Scale mail        |    71 |    85 ||   156
       Skin              |       |    26 ||    26
Dodge: Dodged            |    58 |    88 ||   146
